AoeStats
← danigomezrinaldi

Arabia

510618658Analyzed
1v1 RM · 1d ago on Oct 1, 2026· 43m 5s· 2 players
Game mode
Random Map
Map size
Tiny (2 player)
Population
200
Speed
Normal
Resources
Standard
Victory
Conquest
Starting age
Dark Age
Ending age
Imperial Age
RankedLock teamsTeams togetherTeam positionsShared explorationLock speedFull tech treeHidden civsTurbo modeCheats
Victory
Defeat
🇦🇷 Franks · Argentina
947
+17
🇸🇪 Italians · Sweden
958
-17
danigomezrinaldi
10:53 Loom
12:39 Feudal Age
15:05 Double-Bit Axe
17:32 Castle Age
16:09 Stone Mining
16:10 Gold Mining
19:49 Bow Saw
20:51 Wheelbarrow
25:23 Hand Cart
27:09 Scale Barding Armor
27:14 Forging
27:31 Pikeman
31:14 Husbandry
34:33 Imperial Age
33:00 Chain Barding Armor
33:55 Gold Shaft Mining
35:36 Conscription
35:17 Chivalry
35:14 Cavalier
36:23 Town Watch
38:26 Plate Barding Armor
38:27 Iron Casting
38:39 Paladin
Smiley Virus
10:30 Feudal Age
11:01 Loom
11:06 Double-Bit Axe
11:03 Horse Collar
13:33 Man-at-Arms
13:58 Arson
15:38 Wheelbarrow
19:11 Forging
21:25 Castle Age
20:53 Fletching
21:03 Padded Archer Armor
21:55 Bloodlines
22:22 Light Cavalry
23:03 Husbandry
29:10 Hand Cart
28:40 Town Watch
29:44 Thumb Ring
29:48 Stone Mining
31:40 Bow Saw
31:32 Heavy Plow
31:26 Gold Mining
33:36 Bodkin Arrow
33:57 Leather Archer Armor
34:00 Pikeman
34:42 Squires
39:51 Imperial Age
38:38 Town Patrol
39:56 Cavalier
Connection lost

Rejoining the realm…

Still unreachable

The connection could not be restored.

Session expired

The server has moved on; the page needs a fresh start.